 Dungeon Crawl Stone Soup version 0.19.5 (webtiles) character file.

46 Santreim the Vexing (level 3, -1/20 HPs)
             Began as a Kobold Arcane Marksman on Mar 13, 2017.
             Slain by a goblin
             ... wielding a +0 dagger
              (2 damage)
             ... on level 1 of the Dungeon.
             The game lasted 00:04:11 (811 turns).

Santreim the Vexing (Kobold Arcane Marksman)         Turns: 811, Time: 00:04:12

Health: -1/20      AC:  2    Str:  8    XL:     3   Next: 92%
Magic:  4/4        EV: 15    Int: 14    God:
Gold:   37         SH:  0    Dex: 15    Spells: 2 memorised, 1 level left

rFire  . . .     SeeInvis .     a - +0 shortbow
rCold  . . .     Gourm    .     e - +0 robe
rNeg   . . .     Faith    .     (shield currently unavailable)
rPois  .         Spirit   .     (no helmet)
rElec  .         Reflect  .     (no cloak)
rCorr  .         Harm     .     (no gloves)
MR     .....                    (no boots)
Stlth  +.........               (no amulet)
                                (no ring)
                                (no ring)

@: no status effects
A: carnivore 3
a: no special abilities


You were on level 1 of the Dungeon.
You were not hungry.

You visited 1 branch of the dungeon, and saw 2 of its levels.

You collected 37 gold pieces.

Inventory:

Hand Weapons
 a - a +0 shortbow (weapon)
Missiles
 d - 16 arrows (quivered)
Armour
 e - a +0 robe (worn)
 h - a +0 robe
Jewellery
 l - an uncursed ring of magical power {unknown}
 m - a cursed ring of teleportation {unknown}
Scrolls
 b - a scroll of identify {unknown}
Potions
 g - a potion of curing {unknown}
 i - a potion of brilliance {unknown}
 j - a potion of cancellation {unknown}
 k - a potion of lignification {unknown}
Books
 c - a book of Debilitation

   Spells                             Type                      Level
   a - Corona                         Hexes                        1
   b - Slow                           Hexes                        2
   c - Gell's Gravitas                Hexes/Translocation          3
   d - Inner Flame                    Hexes/Fire                   3
   e - Cause Fear                     Hexes                        4
   f - Leda's Liquefaction            Hexes/Earth                  4
Comestibles
 f - a meat ration
 n - a chunk of flesh


   Skills:
 + Level 1.3 Fighting
 + Level 3.0 Bows
 + Level 2.8 Dodging
 + Level 1.2 Spellcasting
 + Level 3.5 Hexes


You had one spell level left.
You knew the following spells:

 Your Spells              Type           Power        Failure   Level  Hunger
a - Corona                Hex            ##.....      10%         1    ##.....
b - Slow                  Hex            ##......     12%         2    ###....


Dungeon Overview and Level Annotations

Branches:
Dungeon (2/15)

Altars:


Innate Abilities, Weirdness & Mutations

You are small and have problems with some larger weapons.
You are carnivorous and can eat meat at any time.


Message History

Aim: a rat (severely wounded)
You shoot an arrow. The arrow barely misses the rat.
The rat bites you but does no damage. The goblin misses you.
The worm barely misses you.
Firing (i - inventory):
d - 18 arrows (quivered)
Press: ? - help, Shift-Dir - straight line, f/p - rat
Aim: a rat (severely wounded)
You shoot an arrow.
The arrow hits the rat but does no damage.
The rat is severely wounded.
The rat misses you. The goblin closely misses you. The worm bites you.
The goblin closely misses you. The rat barely misses you.
Firing (i - inventory):
d - 17 arrows (quivered)
Press: ? - help, Shift-Dir - straight line, f/p - rat
Aim: a rat (severely wounded)
You shoot an arrow. The arrow barely misses the rat.
The worm bites you!
Ouch! That really hurt!
* * * LOW HITPOINT WARNING * * *
The rat misses you. The goblin hits you with a dagger.
You die...

#.#################.##
##########.######....##
#.....
#...............'.....#
#.....
#.########.######.....#
#..... #.# #.# #.....#
#..... #.# #.# #####.#
#..... #)# #####.# #.#
####'## #.#
#...(.##########.###....##
#.#
#.(...'.r@w........'......
#.#
#.....###g######.#.#....##
#.# #.....# #.#
#.#.####.#. #.# #.....#
#.# #.#.# #.#. #.#
#.....###.######.#.# #.#.
#.#
#.....##.........#.####.#.
#.#
#.....##..................
#.#
########.#########.####.#.
#.# #.# #†# #.#.


You could see a worm, a goblin and a rat.

Vanquished Creatures
  A gnoll (D:1)
  An adder (D:1)
  2 leopard geckos (D:1)
  2 bats (D:1)
  3 giant cockroaches
  5 goblins (D:1)
  2 hobgoblins (D:1)
  A frilled lizard (D:1)
  5 kobolds
  A rat (D:1)
23 creatures vanquished.

Notes
Turn   | Place    | Note
-------+----------+-------------------------------------------
     0 | D:1      | Santreim the Kobold Arcane Marksman began the quest for the Orb.
     0 | D:1      | Reached XP level 1. HP: 12/12 MP: 2/2
   101 | D:1      | Reached XP level 2. HP: 16/16 MP: 3/3
   399 | D:1      | Learned a level 2 spell: Slow
   608 | D:1      | Reached XP level 3. HP: 20/20 MP: 4/4
   811 | D:1      | HP: 1/20 [worm (10)]
   811 | D:1      | Slain by a goblin

Skill      XL: |  1  2  3 |
---------------+----------+-----
Bows           | 3 |  3.0
Fighting       | |  1.3
Dodging        | |  2.8
Spellcasting   | |  1.2
Hexes          | |  3.5

Action                   || total
-------------------------++-------
 Fire: Shortbow          ||    77
  Eat: Chunk             ||     3
Armor: Robe              ||     4
Dodge: Dodged            ||    37
